 Dungeon Crawl Stone Soup version 0.30-a0-242-g7bf8e6d787 (webtiles) character file.

Game seed: 7292924868178912750

108 gelatine the Vexing (level 4, -5/33 HPs)
             Began as a Demonspawn Wanderer on Oct 11, 2022.
             Slain by a gnoll
             ... wielding a +0 spear
              (7 damage)
             ... on level 3 of the Dungeon.
             The game lasted 00:08:44 (2488 turns).

gelatine the Vexing (Demonspawn Wanderer)           Turns: 2488, Time: 00:08:45

Health: -5/33      AC:  5    Str: 11    XL:     4   Next: 58%
Magic:  3/6        EV: 15    Int: 14    God:
Gold:   139        SH:  0    Dex: 15    Spells: 0/5 levels left

rFire   + . .      SeeInvis .    o - +0 falchion
rCold   . . .      Faith    .    (no shield)
rNeg    . . .      Spirit   .    f - +0 leather armour {rF+}
rPois   .          Reflect  .    (no helmet)
rElec   .          Harm     .    (no cloak)
rCorr   +          Rampage  .    b - +0 pair of gloves
Will    .....                    n - +0 pair of boots
Stlth   ++........               (no amulet)
HPRegen 0.25/turn                m - ring of resist corrosion
MPRegen 0.10/turn                t - ring of wizardry

@: flying
A: repulsion field 2
a: no special abilities


You were on level 3 of the Dungeon.
You visited 1 branch of the dungeon, and saw 3 of its levels.

You collected 139 gold pieces.

Inventory:

Hand Weapons
 a - a +0 mace
 j - a +0 long sword
 o - a +0 falchion (weapon)
Missiles
 g - 5 curare-tipped darts
 i - a throwing net
Armour
 b - a +0 pair of gloves (worn)
 f - a +0 leather armour of fire resistance (worn)
 n - a +0 pair of boots (worn)
Jewellery
 m - a ring of resist corrosion (left hand)
 t - a ring of wizardry (right hand)
Scrolls
 e - 3 scrolls of identify {unknown}
 h - a scroll of noise {unknown}
 k - 2 scrolls of magic mapping {unknown}
 s - a scroll of vulnerability {unknown}
 u - a scroll of enchant armour {unknown}
Potions
 c - 2 potions of haste
 l - a potion of invisibility
 p - a potion of cancellation {unknown}
 q - 2 potions of heal wounds {unknown}
 r - a potion of berserk rage {unknown}


   Skills:
 * Level 2.1 Fighting
 * Level 1.1 Long Blades
 + Level 1.1 Maces & Flails
 * Level 1.6 Armour
 + Level 2.0 Dodging
 + Level 1.8 Stealth
 + Level 1.4 Spellcasting
 + Level 4.3 Hexes


You couldn't memorise any spells.
You knew the following spells:

 Your Spells              Type           Power      Damage    Failure   Level
a - Slow                  Hex            52%        N/A       2%          1
b - Cause Fear            Hex            6%         N/A       22%         4

Your spell library contained the following spells:

 Spells                   Type           Power      Damage    Failure   Level
 Fulminant Prism          Conj/Hex       3%         3d6       45%         4


Dungeon Overview and Level Annotations

Branches:
Dungeon (3/15)

Altars:

Annotations:
D:3 Natasha


Innate Abilities, Weirdness & Mutations

You are surrounded by a moderate repulsion field. (EV +3)


Message History

The gnoll barely misses you.
A gnoll comes into view. It is wielding a +0 halberd.
The gnoll resists with significant effort.
The gnoll shouts!
The gnoll hits you with a +0 club.
The gnoll seems to slow down.
The gnoll hits you but does no damage.
You hit the gnoll but do no damage. The gnoll completely misses you.
The gnoll misses you. The gnoll hits you with a +0 club.
The gnoll closely misses you. The gnoll misses you.
You barely miss the gnoll. The gnoll closely misses you. The gnoll misses you.
The gnoll hits you with a +0 club!
You completely miss the gnoll. The gnoll hits you but does no damage.
The gnoll hits you from afar with a +0 spear.
The gnoll barely misses you.
You hit the gnoll.
The gnoll is heavily wounded.
The gnoll barely misses you. The gnoll closely misses you.
You hit the gnoll.
The gnoll is severely wounded.
The gnoll is no longer moving slowly.
The gnoll barely misses you.
The gnoll hits you from afar with a +0 spear.
You hit the gnoll but do no damage.
The gnoll is severely wounded.
The gnoll hits you with a +0 club. The gnoll completely misses you.
You barely miss the gnoll.
The gnoll is severely wounded.
The gnoll barely misses you.
The gnoll hits you from afar with a +0 spear.
* * * LOW HITPOINT WARNING * * *
The gnoll closely misses you.
You closely miss the gnoll.
The gnoll is severely wounded.
The gnoll hits you from afar with a +0 spear.
* * * LOW HITPOINT WARNING * * *
The gnoll closely misses you.
It was a potion of flight.
You feel very buoyant.
You fly up into the air.
The gnoll hits you from afar with a +0 spear!
You die...

#.......#######
##########.......'......
................#######
...............#
..............#
.............#
##............#
##..####g......###
#>...@ggg........#
###############..# #..#
#..# #..# #..# #S.# #..#
#..#


You could see 4 gnolls.

Vanquished Creatures
  5 adders
  3 worms (D:2)
  4 dart slugs
  6 ball pythons
  6 endoplasms
  A giant cockroach (D:1)
  3 goblins (D:1)
  3 jackals (D:1)
  A quokka (D:1)
  5 bats
  5 frilled lizards
  5 kobolds
  2 rats
49 creatures vanquished.

Notes
Turn   | Place    | Note
-------+----------+-------------------------------------------
     0 | D:1      | gelatine the Demonspawn Wanderer began the quest for the
                  | Orb.
     0 | D:1      | gelatine set off with the following items: a +0 mace, a +0
                  | pair of gloves, a potion of haste, a +0 robe; and the
                  | following spell memorised: Slow; and the following spells
                  | available to memorise: Cause Fear, Fulminant Prism.
     0 | D:1      | Reached XP level 1. HP: 15/15 MP: 2/2
   220 | D:1      | Gained mutation: You are surrounded by a mild repulsion
                  | field. (EV +2) [demonic ancestry]
   220 | D:1      | Reached XP level 2. HP: 21/21 MP: 1/3
   852 | D:2      | Reached skill level 1 in Armour
   852 | D:2      | Gained mutation: You are surrounded by a moderate repulsion
                  | field. (EV +3) [demonic ancestry]
   852 | D:2      | Reached XP level 3. HP: 23/26 MP: 4/4
  1401 | D:2      | Reached XP level 4. HP: 33/33 MP: 3/6
  1917 | D:2      | Reached skill level 1 in Long Blades
  2416 | D:3      | Learned a level 4 spell: Cause Fear
  2449 | D:3      | Noticed Natasha
  2488 | D:3      | Slain by a gnoll

Illustrated notes

Levels and vault maps discovered:
D:1:      kennysheep_arrival_seaside, layout_rooms
D:2:      layout_basic, nicolae_eternal_life
D:3:      minmay_chambers_of_threes, layout_basic,
          chequers_ecumenical_altar_simple_redux, uniq_grinder, uniq_natasha

Skill      XL: |  1  2  3  4 |
---------------+-------------+-----
Armour         | 1 |  1.6
Long Blades    | 1 |  1.1
Dodging        | 2 |  2.0
Fighting       | 2 |  2.1
Maces & Flails | |  1.1
Stealth        | |  1.8
Spellcasting   | |  1.4
Hexes          | |  4.3

Action                   |  1- 3 |  4- 6 || total
-------------------------+-------+-------++-------
Melee: Mace              |    66 |       ||    66
       Long sword        |    81 |    37 ||   118
       Falchion          |       |    19 ||    19
       Punch             |       |     2 ||     2
 Cast: Slow              |    42 |    22 ||    64
  Use: Potion            |       |     3 ||     3
 Stab: Distracted        |     1 |       ||     1
       Sleeping          |       |     2 ||     2
       Invisible         |       |     1 ||     1
Armor: Robe              |     7 |       ||     7
       Leather armour    |    44 |    22 ||    66
Dodge: Dodged            |   117 |   103 ||   220

Table legend: (Time is in decaauts)
 A = Elapsed time spent in this place.
 B = Non-inter-level travel time spent in this place.
 C = Inter-level travel time spent in this place.
 D = Time resting spent in this place.
 E = Time spent auto-exploring this place.
 F = Levels seen in this place.
 G = Mean time per level.
                   A        B        C        D        E       F      G
               +--------+--------+--------+--------+--------+-----+--------+
         Total |   2558 |   2509 |     49 |     81 |   1716 |   3 |  852.7 |
       Dungeon |   2558 |   2509 |     49 |     81 |   1716 |   3 |  852.7 |
               +--------+--------+--------+--------+--------+-----+--------+

Top non-repeatable levels by time:
     D:2: 1171 daAuts
     D:1: 865 daAuts
     D:3: 522 daAuts
